 Dungeon Crawl Stone Soup version 0.28.0-53-g5a82cb258f (webtiles) character file.

Game seed: 97805510337417878

58 Peloso the Skirmisher (level 3, -5/34 HPs)
             Began as a Minotaur Fighter on June 13, 2022.
             Slain by Grinder (6 damage)
             ... on level 3 of the Dungeon.
             The game lasted 00:02:35 (1715 turns).

Peloso the Skirmisher (Minotaur Fighter)            Turns: 1715, Time: 00:02:36

Health: -5/34      AC:  8    Str: 20    XL:     3   Next: 76%
Magic:  2/2        EV:  9    Int:  5    God:
Gold:   71         SH:  4    Dex: 11    Spells: 2/2 levels left

rFire   . . .      SeeInvis .   a - +0 long sword
rCold   . . .      Faith    .   c - +0 buckler
rNeg    . . .      Spirit   .   b - +0 scale mail
rPois   .          Reflect  .   (helmet restricted)
rElec   .          Harm     .   (no cloak)
rCorr   .          Rampage  .   i - +0 pair of gloves {hurl}
Will    .....                   (no boots)
Stlth   ..........              (no amulet)
HPRegen 0.11/turn               (no ring)
MPRegen 0.08/turn               (no ring)

@: no status effects
A: horns 2, retaliatory headbutt
a: no special abilities


You were on level 3 of the Dungeon.
You visited 1 branch of the dungeon, and saw 3 of its levels.

You collected 71 gold pieces.

Inventory:

Hand Weapons
 a - a +0 long sword (weapon)
Armour
 b - a +0 scale mail (worn)
 c - a +0 buckler (worn)
 i - a +0 pair of gloves of hurling (worn)
Jewellery
 e - a +6 ring of intelligence
 h - a ring of magical power
Scrolls
 f - a scroll of magic mapping
 k - a scroll of teleportation {unknown}
Potions
 d - a potion of might
 j - a potion of mutation


   Skills:
 + Level 4.3 Fighting
 + Level 3.2 Long Blades
 + Level 4.3 Armour
 + Level 4.1 Shields


You had 2 spell levels left.
You didn't know any spells.
Your spell library was empty.

Dungeon Overview and Level Annotations

Branches:
Dungeon (3/15)

Altars:

Annotations:
D:3 Grinder


Innate Abilities, Weirdness & Mutations

You have a pair of horns on your head.
You reflexively headbutt those who attack you in melee.


Message History

You closely miss Grinder.
Grinder is lightly wounded.
Grinder closely misses you. You furiously retaliate!
You headbutt Grinder! You barely miss Grinder.
Grinder is moderately wounded.
You block Grinder's attack. Grinder barely misses you.
You barely miss Grinder.
Grinder is moderately wounded.
Grinder gestures at you. Pain shoots through your body!
You hit Grinder but do no damage. Your headbutt misses Grinder.
Grinder is moderately wounded.
Grinder hits you.
* * * LOW HITPOINT WARNING * * *
You writhe in agony.
* * * LOW HITPOINT WARNING * * *
You feel much better. Grinder hits you but does no damage.
You slash Grinder! You headbutt Grinder, but do no damage.
Grinder is heavily wounded.
Grinder hits you.
You writhe in agony.
You barely miss Grinder. You headbutt Grinder, but do no damage.
Grinder is heavily wounded.
Grinder hits you but does no damage.
You barely miss Grinder.
Grinder is heavily wounded.
Grinder hits you but does no damage. Grinder hits you!
You writhe in agony.
You hit Grinder.
Grinder is severely wounded.
Grinder barely misses you.
You hit Grinder.
Grinder is severely wounded.
Grinder hits you.
You writhe in agony.
* * * LOW HITPOINT WARNING * * *
You barely miss Grinder.
Grinder is severely wounded.
Grinder says, "Wait up."
Grinder hits you.
* * * LOW HITPOINT WARNING * * *
You writhe in agony.
You die...

##.#...#......#
#.##.##.####.#
#.##.##.# #.#
#.##.##.# #.###
#.##.##.#
#...##
#.#.#.#.#
#.#..# .. #
#... ...##'##
#.###.##8.8##
###..@..#
#8..5..8#
#.........#
#8.........8#
+.....[.....+
#8.........8#
##...!.....##
##8.....8##


You could see Grinder.

Vanquished Creatures
  3 adders
  4 ball pythons
  A bat (D:2)
  2 endoplasms (D:1)
  3 giant cockroaches
  4 goblins
  2 hobgoblins
  5 kobolds
  3 frilled lizards
  5 rats
32 creatures vanquished.

Notes
Turn   | Place    | Note
-------+----------+-------------------------------------------
     0 | D:1      | Peloso the Minotaur Fighter began the quest for the Orb.
     0 | D:1      | Reached XP level 1. HP: 19/19 MP: 0/0
   217 | D:1      | Reached XP level 2. HP: 27/27 MP: 1/1
   349 | D:1      | Found a faded altar of an unknown god.
  1100 | D:2      | Reached XP level 3. HP: 33/33 MP: 2/2
  1698 | D:3      | Noticed Grinder
  1715 | D:3      | HP: 1/34 [Grinder (6)]
  1715 | D:3      | Slain by Grinder

Illustrated notes

Levels and vault maps discovered:
D:1:      lemuel_arrival_lava_pool, layout_loops_ring,
          hellmonk_ecumenical_altar_leap_of_faith, minmay_misc_feat_tower
D:2:      layout_basic, st_stairs_1
D:3:      minmay_spotlight, layout_loops_ring, dk_noncrumbling_4, uniq_grinder

Skill      XL: |  1  2  3 |
---------------+----------+-----
Fighting       | 4 |  4.3
Armour         | 4 |  4.3
Shields        | 4 |  4.1
Long Blades    | 3 |  3.2

Action                   || total
-------------------------++-------
Melee: Long sword        ||    78
       Headbutt          ||     9
  Use: Potion            ||     4
       Scroll            ||     2
Armor: Scale mail        ||    37
Dodge: Dodged            ||    42
Block: Buckler           ||    10
